 Dungeon Crawl Stone Soup version 0.19.0-2-gae57169 (webtiles) character file.

217 IcyTea the Vexing (level 6, -1/32 HPs)
             Began as a Kobold Enchanter on Nov 5, 2016.
             Slain by a worker ant (5 damage)
             ... on level 3 of the Dungeon.
             The game lasted 00:17:29 (3415 turns).

IcyTea the Vexing (Kobold Enchanter)                Turns: 3415, Time: 00:17:29

Health: -1/32      AC:  5    Str:  6    XL:     6   Next: 16%
Magic:  0/9        EV: 12    Int: 18    God:
Gold:   155        SH:  0    Dex: 15    Spells: 3 memorised, 3 levels left

rFire  . . .     SeeInvis .     a - +1 dagger
rCold  . . .     Gourm    .     i - +0 ring mail
rNeg   . . .     Faith    .     (shield restricted)
rPois  .         Spirit   .     (no helmet)
rElec  .         Reflect  .     (no cloak)
rCorr  .         Harm     .     (no gloves)
MR     .....                    (no boots)
Stlth  +++.......               (no amulet)
                                (no ring)
                                g - ring of stealth

@: no status effects
A: carnivore 3
a: no special abilities


You were on level 3 of the Dungeon.
You were full.

You visited 1 branch of the dungeon, and saw 4 of its levels.

You collected 155 gold pieces.

Inventory:

Hand Weapons
 a - a +1 dagger (weapon)
Missiles
 j - 4 tomahawks (quivered)
Armour
 i - a +0 ring mail (worn)
Jewellery
 g - a ring of stealth (left hand)
Wands
 t - a wand of polymorph (4/24)
Scrolls
 h - 6 scrolls of identify
 n - a scroll of fear
Potions
 b - a potion of haste {unknown}
 e - 2 potions of heal wounds
 f - a potion of agility {unknown}
 k - a potion of ambrosia {unknown}
 l - 2 potions of invisibility
 m - a potion of berserk rage {unknown}
 o - a potion of curing
 p - a potion of cure mutation {unknown}
 q - a potion of flight {unknown}
Books
 c - a book of Maledictions

   Spells                             Type                      Level
   a - Corona                         Hexes                        1
   b - Ensorcelled Hibernation        Hexes/Ice                    2
   c - Confuse                        Hexes                        3
   d - Tukima's Dance                 Hexes                        3
   e - Dazzling Spray                 Conjuration/Hexes            3
Comestibles
 d - 2 meat rations
 r - a beef jerky
 s - a royal jelly


   Skills:
 - Level 4.4 Short Blades
 - Level 2.4 Dodging
 - Level 4.0 Stealth
 - Level 2.1 Spellcasting
 - Level 5.2 Hexes
 + Level 1.1 Ice Magic


You had 3 spell levels left.
You knew the following spells:

 Your Spells              Type           Power        Failure   Level  Hunger
a - Corona                Hex            ###....      12%         1    #......
b - Ensorcelled Hibernat  Hex/Ice        ##....       34%         2    ###....
c - Confuse               Hex            ###.....     28%         3    ###....


Dungeon Overview and Level Annotations

Branches:
Dungeon (4/15)
 Temple: D:4-7

Altars:


Innate Abilities, Weirdness & Mutations

You are small and have problems with some larger weapons.
You are carnivorous and can eat meat at any time.


Message History

Aim: a worker ant (moderately wounded, chance to defeat MR: 67%)
The worker ant is outlined in light.
The worker ant barely misses you.
You hit the worker ant.
The worker ant is heavily wounded.
The worker ant closely misses you.
You hit the worker ant but do no damage.
The worker ant is heavily wounded.
The worker ant bites you but does no damage.
You hit the worker ant.
The worker ant is heavily wounded.
The worker ant barely misses you.
Your magical contamination has completely faded away.
Your ring mail prevents you from hitting the worker ant.
The worker ant is heavily wounded.
The worker ant bites you.
* * * LOW HITPOINT WARNING * * *
You hit the worker ant but do no damage.
The worker ant is heavily wounded.
The worker ant bites you.
You die...

..####### #....# #.# ..#
#....# #.# ..# #....#
#.# #.# ###[.####.###
#.# #..........#
#.######### #..........#
..........###..........#
..#######........a.....#
..# #####..(@......# ..#
##..........# #.#
#.....###.### #.#
#.##..###.# #.##
#.###..##.# #..#
##.###.....# #..##
#..##......# ##..####
#.###.#..#.#
#.....####.##..#..#.#


You could see a worker ant.

Vanquished Creatures
  An ogre (D:4)
  A scorpion (D:3)
  2 adders
  An ooze (D:1)
  3 dart slugs
  2 leopard geckos (D:2)
  4 giant cockroaches
  3 goblins
  3 hobgoblins (D:1)
  4 jackals (D:3)
  10 kobolds
  A ball python (D:1)
  6 bats
  6 frilled lizards
  A leopard gecko skeleton (D:4)
  11 rats
59 creatures vanquished.

Notes
Turn   | Place    | Note
-------+----------+-------------------------------------------
     0 | D:1      | IcyTea the Kobold Enchanter began the quest for the Orb.
     0 | D:1      | Reached XP level 1. HP: 10/10 MP: 3/3
   135 | D:1      | Reached XP level 2. HP: 7/15 MP: 5/5
   874 | D:1      | Learned a level 2 spell: Ensorcelled Hibernation
   892 | D:1      | Reached XP level 3. HP: 16/19 MP: 6/6
  1358 | D:1      | Reached skill level 1 in Ice Magic
  1621 | D:2      | Reached XP level 4. HP: 24/24 MP: 7/7
  2116 | D:2      | Learned a level 3 spell: Confuse
  3214 | D:4      | Noticed an ogre
  3216 | D:4      | Killed an ogre
  3216 | D:4      | Reached skill level 4 in Hexes
  3216 | D:4      | Reached XP level 5. HP: 28/28 MP: 8/8
  3298 | D:3      | Reached skill level 5 in Hexes
  3298 | D:3      | Reached XP level 6. HP: 23/32 MP: 0/9
  3415 | D:3      | Slain by a worker ant

Skill      XL: |  1  2  3  4  5 |
---------------+----------------+-----
Short Blades   | 2 3 4 |  4.4
Ice Magic      | 1 |  1.1
Hexes          | 4 5 |  5.2
Dodging        | |  2.4
Stealth        | |  4.0
Spellcasting   | |  2.1

Action                   |  1- 3 |  4- 6 || total
-------------------------+-------+-------++-------
Melee: Dagger            |   175 |   130 ||   305
Throw: Tomahawk          |     1 |     4 ||     5
 Cast: Ensorcelled Hiber |       |     6 ||     6
       Corona            |       |     1 ||     1
  Use: Scroll            |       |     5 ||     5
       Potion            |       |     4 ||     4
 Stab: Sleeping          |     5 |     8 ||    13
  Eat: Chunk             |     8 |     5 ||    13
Armor: Robe              |     9 |       ||     9
       Ring mail         |    30 |    22 ||    52
Dodge: Dodged            |   108 |    72 ||   180
